 Dungeon Crawl Stone Soup version 0.27-a0-869-g165b36e3f0 (webtiles) character file.

Game seed: 12993376824272832789

70 robertstho the Magician (level 4, -3/31 HPs)
             Began as a Djinni Fire Elementalist on Apr 2, 2021.
             Slain by a gnoll
             ... wielding a +4 whip of freezing
              (10 damage)
             ... on level 2 of the Dungeon.
             The game lasted 00:01:57 (2321 turns).

robertstho the Magician (Djinni Fire Elementalist)  Turns: 2321, Time: 00:01:58

Health: -3/31      AC:  5    Str:  7    XL:     4   Next: 22%
Gold:   59         EV: 12    Int: 18    God:
                   SH:  0    Dex: 13

rFire    + + .     SeeInvis .   e - +0 dagger
rCold    x . .     Faith    .   (no shield)
rNeg     . . .     Spirit   .   a - +0 robe
rPois    ∞         Reflect  .   m - +2 helmet
rElec    .         Harm     .   (no cloak)
rCorr    .         Rampage  .   (no gloves)
Will     .....                  (boots unavailable)
Stlth    ++........             (no amulet)
HPRegen  0.10/turn              (no ring)
MPRegen  0.00/turn              (no ring)

@: flying
A: fire resistance 2, cold vulnerability 1, float, innate caster, hp casting,
extra vitality 1
a: no special abilities


You were on level 2 of the Dungeon.
You visited 1 branch of the dungeon, and saw 2 of its levels.

You collected 59 gold pieces.

Inventory:

Hand Weapons
 e - a +0 dagger (weapon)
Armour
 a - a +0 robe (worn)
 m - a +2 helmet (worn)
Scrolls
 b - a scroll of holy word {unknown}
 f - 4 scrolls of identify {unknown}
 i - a scroll of amnesia {unknown}
 l - a scroll of magic mapping {unknown}
 n - a scroll of teleportation {unknown}
Potions
 c - a potion of attraction {unknown}
 d - a potion of cancellation {unknown}
 g - a potion of flight {unknown}
 h - a potion of lignification {unknown}
 j - a potion of heal wounds {unknown}
 k - a potion of magic {unknown}


   Skills:
 * Level 0.8 Fighting
 + Level 2.4 Dodging
 + Level 1.6 Stealth
 * Level 4.0 Spellcasting


You couldn't memorise any spells.
You knew the following spells:

 Your Spells              Type           Power      Damage    Failure   Level
a - Foxfire               Conj/Fire      72%        2x1d7     2%          1
b - Conjure Flame         Conj/Fire      18%        6-21      9%          3
c - Inner Flame           Hex/Fire       18%        N/A       9%          3
d - Sticky Flame          Conj/Fire      18%        2d4       28%         4
e - Fireball              Conj/Fire      9%         3d6       61%         5
f - Summon Small Mammal   Summ           72%        N/A       2%          1
Your spell library was empty.

Dungeon Overview and Level Annotations

Branches:
Dungeon (2/15)

Altars:


Innate Abilities, Weirdness & Mutations

You are immune to poison.
Your flesh is very heat resistant. (rF++)
You are vulnerable to cold. (rC-)
You float through the air rather than walking.
You learn spells naturally, not from books.
Your magical power is your life essence.
You have superior vitality. (+4 HP)


Message History

The foxfire hits the bat.
The bat is severely wounded.
The bat hits you but does no damage. x2
Casting: Foxfire (safe; 3% risk of failure)
Confirm with . or Enter, or press ? or * to list all spells.
You conjure some foxfire!
The bat barely misses you.
The foxfire hits the gnoll.
The gnoll is almost dead.
The bat hits you but does no damage.
The foxfire hits the gnoll.
You kill the gnoll!
The bat barely misses you. The bat hits you but does no damage.
The bat hits you.
Your Spellcasting skill increases to level 4!
Casting: Foxfire (safe; 2% risk of failure)
Confirm with . or Enter, or press ? or * to list all spells.
You conjure some foxfire!
The bat closely misses you.
The foxfire hits the gnoll.
The gnoll is heavily wounded.
The foxfire hits the gnoll.
The gnoll is heavily wounded.
A worm comes into view.
Unknown command.
Casting: Foxfire (safe; 2% risk of failure)
Confirm with . or Enter, or press ? or * to list all spells.
You conjure some foxfire!
The bat barely misses you.
The foxfire hits the bat.
You kill the bat!
The foxfire hits the gnoll but does no damage.
The gnoll is heavily wounded.
The gnoll hits you with a +4 whip of freezing.
* * * LOW HITPOINT WARNING * * *
The gnoll freezes you.
* * * LOW HITPOINT WARNING * * *
Unknown command.
Casting: Foxfire (safe; 2% risk of failure)
Confirm with . or Enter, or press ? or * to list all spells.
You conjure some foxfire!
* * * LOW HITPOINT WARNING * * *
The gnoll hits you with a +4 whip of freezing!
You die...

#.####.#.......#
#.......#...##.##(#
########........... .
..# ##......... .. #.#
##.###..... ... #.#
#)..# #.#.# .. # #.#
#...# ##.##.#..# #.#
#...#####.v...... #.#
#...##..§@g..).w.
..######...##.##v##.#...
#.#..............#
#.....^.....<....#
#.#.............##
#.#####.###.#.#####. #.#
#.#####........ ..#
##...###.######. ###
#.....##.#


You could see a worm and a gnoll (ally target).

Vanquished Creatures
  2 gnolls (D:2)
  A dart slug (D:1)
  A ball python (D:1)
  6 endoplasms
  A giant cockroach (D:1)
  3 goblins
  4 hobgoblins
  9 jackals
  6 bats
  2 frilled lizards (D:1)
  2 kobolds (D:1)
  4 rats
41 creatures vanquished.

Vanquished Creatures (others)
  139 foxfires
139 creatures vanquished.

Grand Total: 180 creatures vanquished

Notes
Turn   | Place    | Note
-------+----------+-------------------------------------------
     0 | D:1      | robertstho the Djinni Fire Elementalist began the quest for
                  | the Orb.
     0 | D:1      | Reached XP level 1. HP: 15/15 MP: 0/0
   270 | D:1      | Reached skill level 3 in Spellcasting
   292 | D:1      | Reached XP level 2. HP: 16/21 MP: 0/0
  1194 | D:1      | Reached XP level 3. HP: 24/26 MP: 0/0
  1194 | D:1      | Learned a level 1 spell: Summon Small Mammal
  1244 | D:1      | Found a faded altar of an unknown god.
  2304 | D:2      | Reached XP level 4. HP: 20/31 MP: 0/0
  2317 | D:2      | Reached skill level 4 in Spellcasting
  2321 | D:2      | Slain by a gnoll

Illustrated notes

Levels and vault maps discovered:
D:1:      minmay_arrival_five_plusses, layout_loops_ring,
          basic_ecumenical_altar, roderic_lattice_a
D:2:      layout_loops_cross, basic_altar

Skill      XL: |  1  2  3  4 |
---------------+-------------+-----
Spellcasting   | 3 4 |  4.0
Fighting       | |  0.8
Dodging        | |  2.4
Stealth        | |  1.6

Action                   |  1- 3 |  4- 6 || total
-------------------------+-------+-------++-------
 Cast: Foxfire           |    83 |     7 ||    90
Armor: Robe              |     2 |     4 ||     6
Dodge: Dodged            |    21 |     4 ||    25

Table legend: (Time is in decaauts)
 A = Elapsed time spent in this place.
 B = Non-inter-level travel time spent in this place.
 C = Inter-level travel time spent in this place.
 D = Time resting spent in this place.
 E = Time spent auto-exploring this place.
 F = Levels seen in this place.
 G = Mean time per level.
                   A        B        C        D        E       F      G
               +--------+--------+--------+--------+--------+-----+--------+
         Total |   2320 |   2297 |     23 |      0 |   2019 |   2 | 1160.0 |
       Dungeon |   2320 |   2297 |     23 |      0 |   2019 |   2 | 1160.0 |
               +--------+--------+--------+--------+--------+-----+--------+

Top non-repeatable levels by time:
     D:1: 1748 daAuts
     D:2: 571 daAuts
